 Dungeon Crawl Stone Soup version 0.26.0-16-gc1dbca0489 (webtiles) character file.

Game seed: 8919043387828725929

408 Delamore the Cudgeller (level 6, 0/60 HPs)
             Began as a Gargoyle Fighter on Jan 21, 2021.
             Slain by a hound zombie (2 damage)
             ... in an ossuary.
             The game lasted 00:03:13 (3295 turns).

Delamore the Cudgeller (Gargoyle Fighter)           Turns: 3295, Time: 00:03:13

Health: 0/60       AC: 23    Str: 22    XL:     6   Next: 88%
Magic:  6/6        EV:  2    Int:  8    God:
Gold:   185        SH: 11    Dex:  9    Spells: 5/5 levels left

rFire    . . .     SeeInvis +   a - +0 flail
rCold    . . .     Faith    +   c - +1 kite shield
rNeg     + + +     Spirit   .   (armour currently unavailable)
rPois    ∞         Reflect  .   (helmet currently unavailable)
rElec    .         Harm     .   (cloak currently unavailable)
rCorr    .         Rampage  .   (gloves currently unavailable)
Will     .....     NoTele   +   (boots currently unavailable)
Stlth    +.........             h - amulet of faith
HPRegen  0.20/turn              j - ring of see invisible
MPRegen  0.10/turn              (no ring)

@: mighty, tree-form, attractive
A: negative energy resistance 1, petrification resistance, miasma immunity, AC
+4
a: no special abilities


You were in an ossuary.
You were a tree.
You visited 1 branch of the dungeon, and saw 4 of its levels.
You also visited: Ossuary.

You collected 185 gold pieces.

Inventory:

Hand Weapons
 a - a +0 flail (weapon)
Missiles
 f - 47 poisoned darts (quivered)
 p - 7 curare-tipped darts
Armour
 b - a +0 scale mail (melded)
 c - a +1 kite shield (worn)
Jewellery
 h - an amulet of faith (around neck)
 j - a ring of see invisible (left branch)
Scrolls
 e - a scroll of enchant armour
 g - a scroll of remove curse
 k - a scroll of enchant weapon {unknown}
 l - a scroll of random uselessness {unknown}
 o - a scroll of noise {unknown}
 q - a scroll of identify {unknown}
 r - a scroll of teleportation {unknown}


   Skills:
 - Level 5.0 Fighting
 + Level 5.2 Maces & Flails
 - Level 3.2 Armour
 - Level 5.0 Shields


You had 5 spell levels left.
You didn't know any spells.
Your spell library was empty.

Dungeon Overview and Level Annotations

Branches:
Dungeon (4/15)            Ossuary (1/1)
 Temple: D:4-7

Altars:
Gozag


Innate Abilities, Weirdness & Mutations

You are resistant to torment.
((Your stone body is resilient. (AC +4)))
You are immune to poison.
You resist negative energy. (rN+)
((You are resistant to electric shocks. (rElec)))
((You can survive without breathing.))
You are immune to petrification.
You are immune to miasma.


Message History

Your roots penetrate the ground.
The hound zombie bites you but does no damage.
You block the hound zombie's attack.
The rat zombie bites you but does no damage.
The human zombie hits you but does no damage.
The adder zombie bites you.
* * * LOW HITPOINT WARNING * * *
You block the big kobold zombie's attack.
The hound zombie bites you but does no damage.
The elf zombie hits you but does no damage.
It was a potion of attraction.
You feel attractive to monsters. You block the hound zombie's attack. x3
The adder zombie bites you but does no damage.
The rat zombie bites you but does no damage.
The human zombie hits you but does no damage.
The big kobold zombie hits you but does no damage.
The hound zombie bites you but does no damage.
The hound zombie bites you.
You die...

...............#
...............#
................
................
................
................
......∩Z........
......ZZZ.......
.....ZZ♣ZZ......
......ZZZ.......
...............#
...............#
................
................
.....#####......
..... .....


You could see an adder zombie, a rat zombie, 3 hound zombies, a goblin zombie, a
big kobold zombie, an orc zombie, an elf zombie and 2 human zombies.

Vanquished Creatures
  A sky beast (D:3)
  An ogre (D:2)
  2 orc priests (D:3)
  An orc wizard (D:3)
  A hound zombie (Ossuary)
  5 adders
  An ooze (D:1)
  4 worms
  3 dart slugs
  3 leopard geckos
  6 orcs (D:3)
  2 giant cockroaches (D:3)
  4 goblins
  8 hobgoblins
  7 jackals
  5 kobolds
  2 quokkas
  4 bats
  3 frilled lizards
  8 rats
71 creatures vanquished.

Notes
Turn   | Place    | Note
-------+----------+-------------------------------------------
     0 | D:1      | Delamore the Gargoyle Fighter began the quest for the Orb.
     0 | D:1      | Reached XP level 1. HP: 14/14 MP: 1/1
   142 | D:1      | Reached XP level 2. HP: 16/19 MP: 2/2
   503 | D:1      | Reached XP level 3. HP: 19/24 MP: 3/3
  1315 | D:2      | Noticed an ogre
  1692 | D:2      | Killed an ogre
  1693 | D:2      | Reached XP level 4. HP: 30/30 MP: 4/4
  1693 | D:2      | Reached XP level 5. HP: 34/34 MP: 5/5
  2354 | D:3      | Reached XP level 6. HP: 37/40 MP: 6/6
  2476 | D:3      | Reached skill level 5 in Fighting
  2476 | D:3      | Reached skill level 5 in Shields
  2767 | D:3      | Noticed a sky beast
  2782 | D:3      | Killed a sky beast
  2783 | D:3      | Reached skill level 5 in Maces & Flails
  3213 | D:4      | Found an opulent altar of Gozag.
  3271 | D:4      | Found a sand-covered staircase.
  3276 | Ossuary  | Entered an ossuary
  3294 | Ossuary  | HP: 1/60 [adder zombie (3)]
  3295 | Ossuary  | Slain by a hound zombie

Illustrated notes

Levels and vault maps discovered:
D:1:      elethiomel_arrival_maze, layout_rooms, kennysheep_decorative_pillar,
          minivault_27
D:2:      layout_loops_ring
D:3:      layout_basic
D:4:      layout_loops_cross, grunt_gozag_breadcrumbs,
          lightli_ossuary_entry_decrepit_ruins, serial_forest,
          infiniplex_forest_clump_diagonal, infiniplex_forest_lined_1,
          infiniplex_forest_lined_3, infiniplex_forest_clump_large,
          infiniplex_forest_fountain, infiniplex_forest_lined_3_way,
          infiniplex_forest_end_2, infiniplex_forest_clump_curved,
          infiniplex_forest_clump_large
Ossuary:  ossuary_minmay_tomb_2a

Skill      XL: |  1  2  3  4  5  6 |
---------------+-------------------+-----
Fighting       | 4 5 |  5.0
Shields        | 4 5 |  5.0
Maces & Flails | 3 5 |  5.2
Armour         | |  3.2

Action                   |  1- 3 |  4- 6 || total
-------------------------+-------+-------++-------
Melee: Flail             |   125 |   169 ||   294
Throw: Dart              |    10 |     2 ||    12
  Use: Potion            |       |     4 ||     4
       Scroll            |       |     2 ||     2
Armor: Scale mail        |    83 |   173 ||   256
       Skin              |       |    10 ||    10
Dodge: Dodged            |    51 |   102 ||   153
Block: Kite shield       |    77 |   172 ||   249
